Map: Rooftop Terrace

Players

SOS

  • Race: Protoss Protoss
  • Spawn Location: 6:00

NGmaster

  • Race: Protoss Protoss
  • League: Diamond
  • Spawn Location: 5:00

THE

  • Race: Zerg Zerg
  • Spawn Location: 7:00

qazwec

  • Race: Terran Terran
  • League: Platinum
  • Spawn Location: 6:00

Ironfist - Winner!

  • Race: Zerg Zerg
  • Spawn Location: 12:00

JxToF - Winner!

  • Race: Zerg Zerg
  • Spawn Location: 12:00

Infamous - Winner!

  • Race: Protoss Protoss
  • League: Silver
  • Spawn Location: 1:00

GreenCrystal - Winner!

  • Race: Terran Terran
  • League: Diamond
  • Spawn Location: 11:00

VOD

Have the link to the VOD?

Description

Time

  • Played on: April 3, 2018, 10:58 a.m.
  • Length: 8:14
Show
View Real Time Build Order
Export as new Build Order

SOS Protoss 

Build Orders:  

Get SALT Encoding   

  12  0:04  Probe (Chrono Boost)  
  14  0:15  Probe (Chrono Boost)  
  14  0:21  Pylon  
  14  0:30  Probe  
  15  0:49  Forge  
  15  0:55  Gateway  
  15  1:01  Assimilator  
  15  1:04  Probe  
  16  1:16  Probe  
  17  1:25  Photon Cannon  
  17  1:28  Probe  
  18  1:33  Photon Cannon  
  18  1:42  Pylon  
  18  2:08  Nexus  
  18  2:12  Assimilator  
  18  2:17  Assimilator  
  18  2:29  Assimilator  
  18  2:31  Probe (Chrono Boost)  
  19  2:42  Probe (Chrono Boost)  
  20  2:46  Probe (Chrono Boost)  
  20  2:48  Cybernetics Core  
  21  2:58  Probe  
  22  3:16  Pylon  
  22  3:23  Zealot  
  24  3:44  Photon Cannon  
  24  3:50  Photon Cannon  
  24  3:58  Pylon  
  24  4:07  Stargate  
  13  4:56  Pylon  
  13  5:16  Zealot  
  15  5:25  Photon Cannon  
Show
View Real Time Build Order
Export as new Build Order

NGmaster Protoss 

Build Orders: Phoenix Opening 

Get SALT Encoding   

  12  0:02  Probe (Chrono Boost)  
  13  0:12  Probe (Chrono Boost)  
  14  0:17  Probe (Chrono Boost)  
  15  0:33  Pylon  
  15  0:51  Probe  
  16  1:05  Probe  
  16  1:08  Nexus  
  16  1:10  Assimilator  
  17  1:28  Probe (Chrono Boost)  
  17  1:29  Gateway  
  18  1:34  Assimilator  
  18  1:38  Probe (Chrono Boost)  
  19  1:46  Forge  
  19  1:49  Probe  
  20  2:01  Probe  
  21  2:13  Probe  
  22  2:21  Cybernetics Core  
  22  2:26  Probe x2 (Chrono Boost)  
  24  2:34  Pylon  
  26  2:37  Probe (Chrono Boost)  
  26  2:38  Probe (Chrono Boost)  
  26  2:44  Probe x2 (Chrono Boost)  
  28  2:58  Stargate  
  28  3:02  Stargate  
  28  3:08  Probe x2  
  28  3:09  Pylon  
  30  3:28  Photon Cannon  
  30  3:31  Probe x2  
  30  3:32  Photon Cannon  
  32  3:43  Probe x2  
  34  3:50  Pylon  
  34  3:55  Phoenix x2 (Chrono Boost)  
  34  3:58  Probe  
  34  3:59  Probe  
  40  4:11  Probe  
  40  4:14  Photon Cannon  
  41  4:26  Phoenix x2  
  45  4:44  Probe x2  
  47  4:47  Assimilator  
  47  4:48  Assimilator  
  47  4:52  Fleet Beacon  
  47  5:00  Probe x2  
  47  5:05  Nexus  
  49  5:11  Phoenix  
  49  5:12  Phoenix  
  53  5:17  Shield Battery  
  53  5:56  Pylon  
  53  5:58  Probe  
  54  6:11  Carrier (Chrono Boost)  
  54  6:14  Probe x2  
  54  6:18  Photon Cannon  
  62  6:21  Pylon  
  62  6:26  Probe  
  63  6:45  Probe x2  
  62  6:57  Probe  
  62  7:00  Photon Cannon  
  63  7:02  Photon Cannon  
  63  7:03  Probe  
  63  7:06  Probe  
  65  7:09  Probe  
  65  7:15  Probe  
  70  7:18  Probe  
  68  7:26  Photon Cannon  
  66  7:39  Pylon, Shield Battery, Stargate  
  66  7:42  Pylon  
Show
View Real Time Build Order
Export as new Build Order

THE Zerg 

Build Orders: Pool First 

Get SALT Encoding   

  12  0:13  Extractor  
  11  0:14  Drone x2  
  11  0:16  Drone  
  14  0:28  Overlord  
  14  0:50  Drone x2  
  14  0:51  Spawning Pool  
  15  0:58  Drone  
  16  1:09  Drone  
  17  1:23  Drone  
  18  1:38  Zergling x2  
  19  1:40  Queen  
  21  1:53  Spine Crawler  
  20  1:54  Spore Crawler  
  20  1:55  Drone  
  19  2:30  Spine Crawler  
  19  2:33  Zergling x6  
  19  2:36  Lair  
  21  2:37  Metabolic Boost  
  21  2:41  Extractor  
  20  3:25  Drone x2  
  22  3:27  Overlord  
  22  3:28  Overlord  
  22  3:40  Hatchery  
  21  3:55  Zergling x2  
  21  3:56  Zergling x10  
  21  4:02  Hydralisk Den  
  26  4:26  Overseer  
  26  4:32  Hydralisk x3  
  31  4:40  Hydralisk  
  25  5:08  Hydralisk  
  25  5:09  Hydralisk  
  25  5:10  Zergling x2  
  25  5:12  Drone  
  31  5:26  Drone x2  
  34  5:28  Drone  
  34  5:59  Muscular Augments  
  34  6:01  Zergling x6  
  37  6:06  Drone x2  
  26  6:43  Drone x3  
  26  6:44  Drone x2  
  26  6:46  Overlord x2  
  26  6:47  Overlord  
  28  7:14  Hydralisk x2  
  28  7:15  Hydralisk x4  
  40  7:24  Overseer  
  40  7:34  Nydus Network  
  40  7:35  Queen  
  41  7:41  Zergling x6  
Show
View Real Time Build Order
Export as new Build Order

qazwec Terran 

Build Orders:  

Get SALT Encoding   

  12  0:01  SCV  
  13  0:14  Supply Depot  
  13  0:18  SCV  
  14  0:31  SCV  
  15  0:41  Barracks  
  15  0:43  SCV  
  15  0:49  Refinery  
  16  0:58  SCV  
  17  1:13  SCV  
  18  1:26  SCV  
  19  1:34  Barracks  
  19  1:37  Marine  
  20  1:42  Barracks  
  20  1:45  SCV  
  21  1:51  Refinery  
  21  1:58  Marine  
  21  2:00  Factory  
  22  2:07  Orbital Command  
  22  2:23  Barracks Tech Lab  
  22  2:27  Marine  
  23  2:48  Supply Depot  
  23  2:50  Marine x2  
  23  2:51  Hellion  
  27  2:58  SCV  
  28  3:12  Hellion  
  30  3:42  SCV  
  30  3:45  Command Center, Factory Tech Lab  
  31  3:48  Starport  
  31  3:58  SCV  
  32  4:12  Hellion, Infernal Pre-Igniter  
  25  4:54  Hellion  
  25  4:55  Marauder  
  25  4:56  Marine, Concussive Shells  
  25  4:57  Marine  
  31  5:04  Refinery, Orbital Command  
  31  5:07  Medivac  
  33  5:08  Supply Depot  
  33  5:11  Refinery  
  33  5:14  Marine  
  33  5:18  Starport, Factory  
  34  5:28  SCV, Engineering Bay  
  35  5:32  Marine  
  35  5:33  Barracks Tech Lab  
  27  6:27  Cyclone  
  27  6:28  Hellion, Medivac, Viking  
  27  6:29  Marine x3  
  39  6:35  SCV x2  
  41  6:47  Marine x3, SCV x2  
  45  6:59  SCV  
  44  7:05  Marine x2  
  48  7:08  Marauder  
  48  7:09  Hellion x2  
  49  7:21  Medivac, Viking  
  52  7:23  Marine, Marauder  
  52  7:24  SCV x2  
  52  7:29  Marine  
  58  7:32  Supply Depot  
  58  7:40  Marine  
Show
View Real Time Build Order
Export as new Build Order

Ironfist Zerg - Winner!

Build Orders: Pool First, Zergling Baneling 

Get SALT Encoding   

  12  0:01  Drone  
  13  0:08  Drone  
  14  0:27  Spawning Pool  
  13  0:29  Drone  
  14  0:38  Overlord  
  14  0:43  Extractor  
  14  0:44  Drone  
  14  0:57  Drone  
  15  1:08  Drone x2  
  17  1:14  Drone  
  18  1:19  Queen  
  18  1:24  Drone  
  21  1:34  Zergling x2  
  22  1:52  Overlord  
  22  1:53  Hatchery  
  21  2:03  Drone  
  21  2:06  Metabolic Boost  
  22  2:11  Zergling x2  
  23  2:17  Drone  
  24  2:26  Baneling Nest  
  24  2:28  Drone  
  24  2:31  Zergling x6  
  27  2:40  Zergling x2  
  28  2:51  Overlord  
  28  3:01  Zergling x4  
  30  3:05  Zergling x2  
  30  3:06  Zergling x2  
  30  3:07  Zergling x2  
  33  3:15  Zergling x2  
  33  3:17  Zergling x2  
  35  3:26  Zergling x2  
  36  3:28  Zergling x2  
  36  3:31  Zergling x4  
  36  3:32  Zergling x2  
  40  3:40  Zergling x4  
  42  3:43  Baneling  
  42  3:44  Baneling x6  
  42  3:45  Baneling x3  
  42  3:48  Baneling  
  42  3:49  Zergling x2  
  42  3:53  Zergling x2  
  38  4:15  Zergling x6  
  37  4:31  Zergling x4  
  36  4:32  Zergling x8  
  36  4:33  Zergling x2  
  34  4:45  Drone x2  
  36  4:47  Lair  
  36  4:54  Zergling x4  
  38  5:03  Zergling x2  
  39  5:07  Baneling x3  
  39  5:08  Baneling  
  39  5:13  Zergling x2  
  40  5:16  Extractor, Zergling x2  
  40  5:17  Zergling x4  
  40  5:18  Drone  
  43  5:22  Baneling x2  
  40  5:52  Zergling x4  
  40  5:53  Zergling x2  
  40  6:13  Drone  
  40  6:14  Drone x2, Overlord  
  40  6:16  Overlord x2  
  43  6:25  Drone, Hydralisk Den  
  43  6:33  Drone x2  
  43  6:39  Drone x2  
  45  6:45  Drone x2  
  45  6:46  Drone  
  46  6:49  Drone x3, Queen  
  48  6:55  Extractor  
  48  6:56  Drone  
  48  6:57  Drone  
  49  7:09  Drone  
  49  7:10  Drone  
  51  7:23  Hatchery  
  51  7:24  Drone x3  
  51  7:25  Overlord  
  53  7:30  Drone x2  
  53  7:31  Drone  
  56  7:37  Extractor  
  56  7:41  Drone  
  56  7:42  Drone  
  57  7:45  Evolution Chamber  
  57  7:51  Drone  
  57  7:53  Overlord x2  
  57  7:57  Drone  
  57  7:58  Drone  
Show
View Real Time Build Order
Export as new Build Order

JxToF Zerg - Winner!

Build Orders: Hatch First 

Get SALT Encoding   

  12  0:03  Drone  
  13  0:24  Drone  
  14  0:44  Hatchery  
  13  1:00  Drone  
  13  1:02  Overlord  
  14  1:32  Drone x3  
  17  1:55  Spawning Pool  
  17  1:57  Extractor  
  17  2:00  Extractor  
  14  2:02  Drone  
  14  2:05  Drone  
  16  2:11  Drone x2  
  16  2:14  Overlord  
  18  2:42  Queen  
  20  2:46  Metabolic Boost  
  20  2:49  Zergling x6  
  23  2:51  Queen  
  23  2:54  Overlord  
  23  2:55  Zergling x4  
  27  3:15  Drone x2  
  29  3:26  Drone x2  
  31  3:43  Zergling x2  
  31  3:44  Zergling x2  
  33  3:51  Drone x2  
  33  3:52  Drone  
  33  3:55  Drone x4  
  40  4:11  Zergling x2  
  40  4:15  Drone x3  
  37  5:00  Drone x6  
  37  5:04  Extractor  
  42  5:08  Extractor  
  41  5:18  Lair  
  41  5:33  Drone x3  
  44  5:36  Overlord x2  
  44  5:45  Overlord x2  
  44  6:06  Zergling x4  
  44  6:07  Zergling x10  
  44  6:10  Zergling x4  
  44  6:11  Zergling x8  
  56  6:44  Zergling x10  
  56  6:46  Zergling x8  
  65  7:50  Zergling x8  
  65  7:51  Zergling x4  
  71  7:53  Zergling x2  
  71  7:54  Zergling x8  
Show
View Real Time Build Order
Export as new Build Order

Infamous Protoss - Winner!

Build Orders:  

Get SALT Encoding   

  12  0:02  Probe  
  14  0:14  Probe  
  14  0:21  Pylon  
  14  0:27  Probe  
  15  0:40  Gateway  
  15  0:41  Probe  
  16  0:56  Probe (Chrono Boost)  
  17  1:06  Probe (Chrono Boost)  
  18  1:12  Pylon  
  18  1:24  Probe  
  19  1:30  Cybernetics Core  
  19  1:36  Probe, Assimilator  
  20  1:41  Gateway  
  20  1:49  Gateway  
  20  1:54  Probe  
  21  2:10  Probe  
  21  2:12  Pylon  
  21  2:15  Assimilator  
  22  2:30  Warp Gate (Chrono Boost)  
  23  2:44  Probe  
  23  2:51  Forge, Stalker (Chrono Boost)  
  23  2:56  Probe  
  26  3:03  Gateway  
  26  3:04  Gateway  
  26  3:18  Zealot (Chrono Boost)  
  28  3:23  Nexus  
  28  3:26  Pylon  
  28  3:49  Probe  
  29  4:05  Protoss Ground Weapons Level 1 (Chrono Boost)  
  29  4:12  Pylon  
  29  4:15  Pylon  
  29  4:25  Probe (Chrono Boost)  
  29  4:27  Pylon  
  30  4:36  Probe (Chrono Boost)  
  30  4:38  Probe (Chrono Boost)  
  34  4:45  Probe (Chrono Boost)  
  34  4:46  Probe (Chrono Boost), Assimilator x2  
  34  4:50  Stalker x4  
  40  5:13  Photon Cannon  
  40  5:16  Photon Cannon  
  40  5:17  Shield Battery  
  40  5:19  Zealot x2  
  44  5:26  Probe  
  44  5:27  Probe  
  46  5:38  Probe  
  46  5:39  Probe  
  46  5:41  Stalker  
  46  5:42  Stalker  
  52  5:51  Probe  
  51  6:14  Zealot  
  51  6:15  Zealot x4  
  53  6:39  Stalker  
  51  6:40  Stalker x4  
  57  6:50  Probe x2  
  57  6:58  Twilight Council  
  57  7:02  Probe  
  57  7:05  Stalker  
  57  7:06  Stalker x4  
  60  7:25  Probe x2  
  62  7:35  Pylon  
  62  7:37  Probe x2, Pylon  
  64  7:49  Probe  
  65  7:57  Stalker x2  
  69  7:58  Zealot  
  69  7:59  Zealot x2  
Show
View Real Time Build Order
Export as new Build Order

GreenCrystal Terran - Winner!

Build Orders: MMM Bio 

Get SALT Encoding   

  12  0:03  SCV  
  13  0:15  SCV  
  13  0:21  Supply Depot  
  14  0:27  SCV  
  15  0:30  Refinery  
  15  0:43  Barracks  
  15  0:47  SCV  
  16  1:02  SCV  
  17  1:14  SCV  
  18  1:26  SCV  
  18  1:30  Reaper  
  18  1:32  Supply Depot  
  20  1:38  SCV  
  21  1:50  SCV  
  21  2:01  Command Center  
  21  2:08  Orbital Command  
  21  2:16  Barracks  
  21  2:35  Marine  
  22  2:38  Barracks  
  22  2:41  SCV  
  23  2:53  Marine  
  23  3:28  Marine x3  
  23  3:31  Supply Depot  
  26  3:35  Barracks  
  26  3:36  Barracks  
  26  3:38  Factory  
  26  3:41  Engineering Bay  
  26  3:45  Supply Depot  
  26  3:46  Marine  
  27  3:56  SCV  
  27  3:57  Orbital Command  
  27  4:00  Barracks Tech Lab  
  28  4:09  Barracks Reactor  
  28  4:27  Supply Depot  
  28  4:28  Barracks Tech Lab  
  28  4:29  Stimpack  
  28  4:34  Marine x3, Refinery  
  28  4:35  Missile Turret  
  31  4:41  SCV  
  31  4:42  SCV  
  33  4:47  Marine x2  
  33  4:48  Refinery  
  35  4:53  Starport  
  35  4:55  Factory Tech Lab  
  35  5:00  SCV x2  
  35  5:02  Marine x2  
  39  5:13  SCV  
  39  5:14  SCV  
  41  5:21  Combat Shields  
  41  5:23  Marine x3  
  41  5:26  SCV  
  47  5:37  Starport Reactor  
  47  5:39  Siege Tank  
  48  5:43  Supply Depot  
  48  5:46  SCV x2  
  48  5:48  Marine  
  51  5:50  Refinery  
  51  6:00  Marine x4  
  51  6:01  Marine  
  51  6:03  SCV  
  57  6:13  Siege Tank  
  57  6:16  Medivac x2  
  64  6:23  SCV x2  
  66  6:30  Missile Turret  
  66  6:31  Missile Turret  
  66  6:34  Marauder  
  66  6:35  SCV  
  66  6:37  SCV  
  70  6:46  Supply Depot  
  70  6:47  SCV  
  70  6:49  Supply Depot  
  71  6:56  SCV  
  71  6:59  SCV  
  73  7:11  Marine x2, SCV x2  
  73  7:12  Marine x4  
  81  7:29  Marine, Command Center  
  82  7:32  SCV x2  
  83  7:44  SCV  
Tags
 
Add a new tag
Caveats
  • Supply blocks, unpowered buildings, or Contaminate may cause inaccurate times.
  • Supply counts are checked every 10 seconds.